 Dungeon Crawl Stone Soup version 0.30.1-9-gdf580d7c3d (webtiles) character file.

Game seed: 7649995312582828590

203155 Dillybarz the Tortoise (level 17, -8/166 HPs)
             Began as a Minotaur Fighter on Oct 2, 2023.
             Was a High Priest of Okawaru.
             Succumbed to a sea snake's poison
             ... on level 4 of the Shoals on Oct 3, 2023.
             The game lasted 02:54:40 (31154 turns).

Dillybarz the Tortoise (Minotaur Fighter)          Turns: 31154, Time: 02:54:40

Health: -8/166     AC: 33    Str: 27    XL:     17   Next: 97%
Magic:  24/24      EV:  8    Int: 17    God:    Okawaru [*****.]
Gold:   1922       SH: 25    Dex: 12    Spells: 16/16 levels left

rFire   . . .        a - +6 broad axe of the Fool {freeze, Int+6}
rCold   + . .        l - +0 tower shield
rNeg    . . .        j - +3 chain mail "Fucu Aso" {Will+ Regen+ SInv}
rPois   .            H - +1 hat {Will+}
rElec   +            V - +1 cloak {rC+}
rCorr   .            r - +2 pair of gloves
SInv    +            W - +2 pair of boots
Will    +++..        R - amulet of reflection Stlth
                     U - ring "Quismai" {Fly rElec Int+6}
HPRegen 1.27/turn    w - +4 ring of protection
MPRegen 0.19/turn

%: reflection
@: lethally poisoned (-8 -> -127), marked, flying
A: horns 2, retaliatory headbutt, subdued magic 1
}: 1/15 runes: gossamer
a: Renounce Religion, Heroism, Finesse, Duel


You were on level 4 of the Shoals.
You worshipped Okawaru.
Okawaru was extremely pleased with you.
You visited 6 branches of the dungeon, and saw 31 of its levels.
You visited 1 bazaar.
You also visited: Bailey and Ice Cave.

You collected 2960 gold pieces.
You spent 1038 gold pieces at shops.

Inventory:

Hand Weapons
 a - the +6 broad axe of the Fool (weapon) {freeze, Int+6}
   (Okawaru gifted it to you on level 14 of the Dungeon)

   Int:       It affects your intelligence (+6).
 b - a +4 hand axe of flaming
Missiles
 o - 12 curare-tipped darts
 s - 45 poisoned darts
 t - 17 javelins
 B - 2 silver javelins (quivered)
 N - 6 atropa-tipped darts
Armour
 j - the +3 chain mail "Fucu Aso" (worn) {Will+ Regen+ SInv}
   (You found it on level 4 of the Dungeon)

   SInv:      It lets you see invisible.
   Regen:     It increases your rate of health regeneration.
   Will:      It increases your willpower.
 k - the +8 ring mail of Classification {rC+}
   (You found it on level 2 of the Dungeon)

   rC:        It protects you from cold.
 l - a +0 tower shield (worn)
 r - a +2 pair of gloves (worn)
 H - a +1 hat of willpower (worn)
 K - the +5 fire dragon scales of the Shrinking Gods {rF++ rC- Slay+5}
   (Okawaru gifted it to you on level 2 of the Lair of Beasts)

   Slay:      It affects your accuracy & damage with ranged weapons and melee
   (+5).
   rF:        It greatly protects you from fire.
   rC:        It makes you vulnerable to cold.
 V - a +1 cloak of cold resistance (worn)
 W - a +2 pair of boots (worn)
Jewellery
 c - a +5 ring of evasion
 q - a ring of positive energy
 w - a +4 ring of protection (right hand)
 x - a ring of resist corrosion
 M - a ring of protection from fire
 P - a ring of ice
 R - an amulet of reflection (around neck)
 S - a ring of poison resistance
 T - a ring of protection from cold
 U - the ring "Quismai" (left hand) {Fly rElec Int+6}
   (You acquired it on level 1 of the Spider Nest)

   [ring of intelligence]

   Int:       It affects your intelligence (+6).
   rElec:     It insulates you from electricity.
   Fly:       It grants you flight.
 X - the ring "Xuxteaqi" {Fire *Corrode rElec Dex+4 Slay+4}
   (You found it in an ice cave)

   [ring of fire]

   It enhances your fire magic.
   Dex:       It affects your dexterity (+4).
   Slay:      It affects your accuracy & damage with ranged weapons and melee
   (+4).
   rF:        It protects you from fire.
   rC:        It makes you vulnerable to cold.
   rElec:     It insulates you from electricity.
   *Corrode:  It may corrode you when you take damage.
Wands
 e - a wand of mindburst (35)
 z - a wand of polymorph (6)
 A - a wand of iceblast (18)
 C - a wand of acid (8)
 O - a wand of digging (9)
 Z - a wand of flame (7)
Scrolls
 f - 15 scrolls of teleportation
 g - 9 scrolls of vulnerability
 i - 2 scrolls of magic mapping
 y - 5 scrolls of blinking
 E - 4 scrolls of fog
 F - 2 scrolls of fear
 L - 13 scrolls of identify
Potions
 d - 6 potions of might
 h - 24 potions of curing
 m - 5 potions of lignification
 n - 6 potions of attraction
 p - 8 potions of haste
 u - 6 potions of mutation
 v - 3 potions of resistance
 G - 15 potions of ambrosia
 I - 3 potions of flight
 J - 5 potions of invisibility
 Q - 4 potions of heal wounds
 Y - 3 potions of magic


   Skills:
 + Level 18.3 Fighting
 - Level 18.0 Axes
 + Level 9.5 Throwing
 + Level 18.4 Armour
 + Level 18.3 Shields
 + Level 11.3 Invocations


You had 16 spell levels left.
You didn't know any spells.
Your spell library contained the following spells:

 Spells                   Type           Power      Damage    Failure   Level
 Beastly Appendage        Tmut           0%         N/A       71%         1
 Freeze                   Ice            0%         1d3       71%         1
 Magic Dart               Conj           0%         1d3       71%         1
 Necrotise                Necr           0%         1d4       71%         1
 Slow                     Hex            0%         N/A       71%         1
 Blink                    Tloc           0%         N/A       83%         2
 Cigotuvi's Dreadful Rot  Necr/Pois/Air  0%         N/A       83%         2
 Lesser Beckoning         Tloc           0%         N/A       83%         2
 Momentum Strike          Conj/Tloc      0%         3d8       83%         2
 Passwall                 Tmut/Erth      0%         N/A       83%         2
 Poisonous Vapours        Pois/Air       0%         N/A       83%         2
 Scorch                   Fire           0%         2d5       83%         2
 Searing Ray              Conj           0%         2d4       83%         2
 Confusing Touch          Hex            0%         N/A       97%         3
 Frozen Ramparts          Ice            0%         1d1       97%         3
 Gell's Gravitas          Tloc           0%         N/A       97%         3
 Hailstorm                Conj/Ice       0%         3d3       97%         3
 Ignite Poison            Fire/Tmut/Pois 0%         N/A       97%         3
 Mephitic Cloud           Conj/Pois/Air  0%         N/A       97%         3
 Teleport Other           Tloc           0%         N/A       97%         3
 Vampiric Draining        Necr           0%         2d6       97%         3
 Volatile Blastmotes      Fire/Tloc      0%         2d10      97%         3
 Flame Wave               Conj/Fire      0%         2d4       100%        4
 Fulminant Prism          Conj/Hex       0%         3d5       100%        4
 Ice Form                 Ice/Tmut       0%         N/A       100%        4
 Iskenderun's Mystic Bla  Conj/Tloc      0%         2d3       100%        4
 Manifold Assault         Tloc           0%         N/A       100%        4
 Olgreb's Toxic Radiance  Pois           0%         N/A       100%        4
 Petrify                  Tmut/Erth      0%         N/A       100%        4
 Agony                    Necr           0%         N/A       100%        5
 Alistair's Intoxication  Tmut/Pois      0%         N/A       100%        5
 Freezing Cloud           Conj/Ice/Air   0%         6-21      100%        5
 Lee's Rapid Deconstruct  Erth           0%         3d4*      100%        5
 Dispersal                Tloc           0%         N/A       100%        6
 Statue Form              Tmut/Erth      0%         N/A       100%        6
 Storm Form               Tmut/Air       0%         N/A       100%        7
 Discord                  Hex            0%         N/A       100%        8
 Disjunction              Tloc           0%         N/A       100%        8
 Ignition                 Fire           0%         3d3       100%        8
 Call Imp                 Summ           Unusable   N/A       N/A         2
 Simulacrum               Ice/Necr       Unusable   N/A       N/A         6
 Summon Cactus Giant      Summ           Unusable   N/A       N/A         6

Dungeon Overview and Level Annotations

Branches:
Dungeon (15/15)            Temple (1/1) D:4            Lair (5/5) D:8
 Shoals (4/4) Lair:3       Spider (4/4) Lair:2        Slime (0/5) Lair:5
    Orc (2/2) D:10            Elf (0/3) Orc:2        Vaults (0/5) D:13
 Depths (0/4) D:15         Bailey (visited)           IceCv (visited)

Altars:
Ashenzari
Elyvilon
Fedhas
Gozag
Hepliaklqana
Kikubaaqudgha
Makhleb
Okawaru
Qazlal
Ru
Vehumet
Wu Jian
Xom
Jiyva

Shops:
D:14 *   Orc:2 [:!:?   Shoals:1 ?   Shoals:3 [(

Annotations:
D:9 2 transporters
Lair:1 3 runed translucent doors, Uhiruqoc's ghost, journeyman MiFi
Lair:3 2 transporters
Shoals:3 2 transporters, xzight's ghost, adept MiBe
Orc:2 2 transporters, Taurus's ghost, adept MiFi


Innate Abilities, Weirdness & Mutations

You have a pair of horns on your head.
You reflexively headbutt those who attack you in melee.
Your spells are a little easier to cast, but a little less powerful.


Message History

The merfolk hits you but does no damage.
You block the water elemental's attack.
A wind drake comes into view.
The merfolk completely misses you. The harpy attacks as you move away!
You block the harpy's attack. x2
The water elemental attacks as you move away!
You block the water elemental's attack.
You feel very sick. The harpy claws you!
* * * LOW HITPOINT WARNING * * *
The harpy claws you but does no damage. The harpy barely misses you. x2
The water elemental closely misses you.
The sea snake bites you but does no damage.
The merfolk hits you but does no damage.
You feel much better.
Your surroundings suddenly seem different.
You feel very sick.
You feel sick.
You start resting.
You feel sick. x6
A sea snake is nearby!
A sea snake is nearby!
You feel sick.
You are no longer poisoned.
You block the sea snake's attack. The sea snake bites you.
* * * LOW HITPOINT WARNING * * *
You are poisoned.
The sea snake poisons you! The sea snake attacks as you move away!
The sea snake bites you but does no damage.
You feel extremely sick. The sea snake bites you.
* * * LOW HITPOINT WARNING * * *
You are lethally poisoned!
The sea snake poisons you! The sea snake attacks as you move away!
The sea snake bites you!
* * * LOW HITPOINT WARNING * * *
You are more poisoned.
The sea snake poisons you! The sea snake attacks as you move away!
The sea snake bites you but does no damage.
You die...

#≈≈≈≈≈≈≈≈#####~~~.....#
#≈≈≈≈≈≈≈≈≈≈≈~~~~~...(.#
#≈≈≈≈≈≈≈≈≈≈≈≈≈~~~.....#
#≈≈≈≈≈≈≈≈≈≈≈≈≈~~~.....#
#≈≈≈≈≈≈≈≈≈≈≈≈≈≈~~~....##...
#≈≈≈≈≈≈≈≈≈≈≈≈≈≈~~~.####...~
#≈≈≈≈≈≈≈≈≈≈≈≈≈≈≈~~.###...~~
#≈≈≈≈≈≈≈≈≈≈≈≈≈≈≈~~.....~~~~
#≈≈≈≈≈≈≈≈≈@≈≈≈≈≈~~~~.~~~~~~
#≈≈≈≈≈≈≈≈≈≈H≈≈≈H≈~~~~~~~~~~
#≈≈≈≈≈≈≈≈≈SS≈H≈≈≈≈~~~~~≈≈≈≈
#≈≈≈≈≈≈≈≈≈≈≈≈≈≈≈≈H≈≈≈≈≈≈≈≈≈
#≈≈≈≈≈≈≈≈≈≈≈≈≈≈≈≈≈≈≈≈≈≈≈≈≈≈
#≈≈≈≈≈≈≈≈≈≈≈≈≈≈≈≈≈≈≈≈≈≈≈≈≈≈
#≈≈≈≈≈≈≈≈≈≈≈≈≈≈≈≈≈≈≈≈≈≈≈≈≈≈
#≈≈≈≈≈≈≈≈≈≈≈≈≈≈≈≈≈≈≈≈≈≈≈≈≈≈
#≈≈≈≈≈≈≈≈≈≈≈≈≈≈≈≈≈≈≈≈≈≈≈≈≈≈


You could see 2 sea snakes and 4 harpies.

Vanquished Creatures
  Bai Suzhen (Spider:4)
  Arachne (Spider:2)
  Rupert (Lair:5)
  Mlioglotl (Shoals:1)
  A kraken (Shoals:3)
  Frances (D:13)
  Polyphemus (Shoals:3)
  Kirke (Lair:5)
  Roxanne (D:14)
  Ilsuiw (Shoals:3)
  Louise (Spider:4)
  4 ghost moths
  4 emperor scorpions
  A reaper (IceCv)
  A broodmother (Spider:4)
  A dire elephant (Lair:2)
  An ettin (D:15)
  3 merfolk javelineers
  Snorg (D:14)
  Fannar (Lair:3)
  5 entropy weavers
  2 vault guards (D:13)
  A great orb of eyes (D:15)
  3 merfolk impalers
  2 catoblepae
  5 hydras
  3 boulder beetles
  2 ghost crabs (Spider:2)
  3 jorogumos
  2 ogre magi (Orc:2)
  4 radroaches
  5 centaur warriors
  A tengu warrior (D:13)
  4 merfolk aquamancers (Shoals:2)
  A satyr (Shoals:2)
  10 two-headed ogres
  2 alligator snapping turtles
  3 death yaks (Shoals:3)
  An orc high priest (Orc:2)
  Sonja (D:13)
  4 skeletal warriors (D:15)
  A fire crab (Lair:2)
  2 sun moths
  5 skysharks
  3 pharaoh ants
  4 deep trolls
  5 orb spiders
  2 sea snakes
  A wizard (D:9)
  7 steelbarb worms
  2 necromancers (D:15)
  2 orc knights (D:15)
  3 harpies (Shoals:2)
  2 orc sorcerers
  12 manticores
  21 wolf spiders
  7 fauns (Shoals:2)
  6 cyclopes
  17 ugly things
  7 elephants
  4 moths of wrath
  5 merfolk sirens
  11 demonic crawlers
  8 water nymphs
  An ice statue (IceCv)
  2 gargoyles
  7 black mambas
  7 cane toads
  Maggie (D:8)
  3 torpor snails
  2 freezing wraiths
  3 rime drakes
  A rime drake (shapeshifter) (D:9)
  An anaconda simulacrum (IceCv)
  3 kobold demonologists (D:11)
  5 komodo dragons
  A tengu conjurer (D:13)
  An ice devil (IceCv)
  A queen bee (Lair:1)
  13 trolls
  2 wind drakes
  8 polar bears
  32 merfolk
  4 tyrant leeches (Spider:2)
  19 blink frogs
  18 tarantellas
  4 dream sheep (Shoals:4)
  9 hornets
  6 snapping turtles
  11 spriggans (Lair:5)
  2 wraiths
  18 jumping spiders
  24 slime creatures
  3 shadows
  21 culicivoras
  5 humans
  46 yaks
  A vampire (D:13)
  A dire elephant simulacrum (IceCv)
  2 hogs (Lair:5)
  15 water elementals
  5 wyverns
  4 steam dragons
  3 basilisks
  12 vampire mosquitoes
  2 death yak simulacra (IceCv)
  55 redbacks
  Menkaure (D:6)
  4 wargs
  A harpy simulacrum (IceCv)
  A naga (D:14)
  2 acid dragons
  17 water moccasins
  An ice beast (D:6)
  4 sky beasts
  18 orc warriors
  5 black bears
  4 boggarts (Lair:5)
  5 centaurs
  18 wolves
  18 ogres
  2 phantoms (D:5)
  16 bullfrogs
  3 kobold brigands
  A gnoll sergeant (D:11)
  11 scorpions
  A spectral water moccasin (D:5)
  3 two-headed ogre simulacra (IceCv)
  A necrophage (D:5)
  10 wights
  35 killer bees
  4 elephant simulacra (IceCv)
  3 electric eels
  10 howler monkeys
  A bullfrog zombie (D:5)
  7 hounds
  13 orc priests
  5 jellies
  2 iguanas
  A scorpion zombie (D:5)
  A sleepcap (D:5)
  12 orc wizards
  2 polar bear simulacra (IceCv)
  7 spriggan simulacra (IceCv)
  Terence (D:3)
  3 troll simulacra (IceCv)
  3 wolf simulacra (IceCv)
  A bullfrog simulacrum (D:5)
  11 gnolls
  10 naga simulacra (IceCv)
  7 adders
  3 shadow imps
  17 white imps
  3 ufetubi (IceCv)
  6 worms
  3 dart slugs
  45 orcs
  5 ball pythons
  8 endoplasms
  5 giant cockroaches
  7 hobgoblins
  9 jackals
  3 quokkas
  6 bats
  5 frilled lizards
  10 goblins
  34 kobolds
  6 rats
  3 tentacles (Shoals:3)
1077 creatures vanquished.

Vanquished Creatures (others)
  3 vault guards (D:13)
  A merfolk aquamancer (Shoals:1)
  A merfolk (Shoals:2)
  3 humans (D:13)
  4 starspawn tentacles (Shoals:1)
  3 tentacles (Shoals:3)
15 creatures vanquished.

Grand Total: 1092 creatures vanquished

Notes
Turn   | Place    | Note
-------+----------+-------------------------------------------
     0 | D:1      | Dillybarz the Minotaur Fighter began the quest for the Orb.
     0 | D:1      | Reached XP level 1. HP: 19/19 MP: 0/0
    95 | D:1      | Reached XP level 2. HP: 21/27 MP: 1/1
   144 | D:1      | Found a faded altar of an unknown god.
   952 | D:2      | Reached XP level 3. HP: 33/33 MP: 2/2
  1114 | D:2      | Identified the +8 ring mail of Classification {rC+}
  1141 | D:2      | Reached XP level 4. HP: 34/40 MP: 3/3
  1634 | D:3      | Noticed Terence
  1642 | D:3      | Killed Terence
  1886 | D:3      | Reached XP level 5. HP: 46/47 MP: 4/4
  1915 | D:3      | Noticed a sky beast
  1932 | D:3      | Killed a sky beast
  2025 | D:3      | Reached skill level 5 in Axes
  2561 | D:4      | Reached XP level 6. HP: 31/55 MP: 5/5
  2717 | D:4      | Identified the +3 chain mail "Fucu Aso" {Will+ Regen+ SInv}
  2842 | D:4      | Reached skill level 5 in Fighting
  2842 | D:4      | Reached skill level 5 in Armour
  2932 | D:4      | Found a staircase to the Ecumenical Temple.
  2941 | Temple   | Entered the Ecumenical Temple
  2950 | Temple   | Became a worshipper of Warmaster Okawaru
  2979 | D:4      | Reached skill level 5 in Shields
  3457 | D:5      | Entered Level 5 of the Dungeon
  3585 | D:5      | Reached XP level 7. HP: 61/61 MP: 6/6
  3595 | D:5      | Reached * piety under Okawaru
  3644 | D:5      | Reached XP level 8. HP: 61/70 MP: 7/7
  3668 | D:5      | Identified the +9 dagger of Zuciem {pain, rC+}
  3782 | D:5      | Reached ** piety under Okawaru
  4475 | D:6      | Noticed Menkaure
  4481 | D:6      | Killed Menkaure
  4724 | D:6      | Reached *** piety under Okawaru
  4754 | D:6      | Reached XP level 9. HP: 79/79 MP: 8/8
  5149 | D:6      | Reached skill level 10 in Axes
  5228 | D:6      | Reached **** piety under Okawaru
  5627 | D:7      | Found a radiant altar of Vehumet.
  5880 | D:7      | Reached skill level 1 in Invocations
  6123 | D:8      | Found a staircase to the Lair.
  6123 | D:8      | Noticed Maggie
  6374 | D:8      | Reached ***** piety under Okawaru
  6375 | D:8      | Reached XP level 10. HP: 79/90 MP: 10/10
  6594 | D:8      | Killed Maggie
  7407 | D:9      | Noticed a centaur warrior
  7407 | D:9      | Noticed a wizard
  7446 | D:9      | Killed a centaur warrior
  7449 | D:9      | Killed a wizard
  7449 | D:9      | Identified the +3 buckler of the Ego {rElec Str-5 Int+7
                  | Dex-4} (Okawaru gifted it to you on level 9 of the Dungeon)
  7449 | D:9      | Received a gift from Okawaru
  7545 | D:9      | Identified the +6 battleaxe "Anojaota" {flame, rC+ Will-
                  | Str+3 Dex+2}
  7678 | D:9      | Reached XP level 11. HP: 85/97 MP: 11/13
  7756 | D:9      | Found a flagged portal.
  7765 | Bailey   | Entered a bailey
  7774 | Bailey   | Noticed an orc warlord
  7887 | Bailey   | Found a runed translucent gate.
  7888 | Bailey   | Found a runed translucent gate.
  7889 | Bailey   | Found a runed translucent gate.
  8124 | D:9      | Found a viscous altar of Jiyva.
  8151 | D:9      | Found a transporter.
  8163 | D:9      | Found a transporter.
  8694 | D:9      | Identified a scroll of acquirement
  8694 | D:9      | Acquired a +2 broad axe of electrocution
  8808 | D:10     | Entered Level 10 of the Dungeon
  8842 | D:10     | Noticed a two-headed ogre
  8854 | D:10     | Killed a two-headed ogre
  8874 | D:10     | Reached skill level 10 in Fighting
  8932 | D:10     | Reached skill level 10 in Armour
  8954 | D:10     | Reached skill level 10 in Shields
  8954 | D:10     | Noticed a two-headed ogre
  8974 | D:10     | Killed a two-headed ogre
  8974 | D:10     | Received a gift from Okawaru
  8977 | D:10     | Reached skill level 5 in Invocations
  9091 | D:10     | Found a staircase to the Orcish Mines.
  9817 | Lair:1   | Entered Level 1 of the Lair of Beasts
  9898 | Lair:1   | Found a runed translucent gate.
  9899 | Lair:1   | Found a runed translucent gate.
  9900 | Lair:1   | Found a runed translucent gate.
  9979 | Lair:1   | Noticed Uhiruqoc's ghost (journeyman MiFi)
 10427 | Lair:1   | Reached XP level 12. HP: 53/108 MP: 12/14
 10434 | Lair:1   | Reached skill level 1 in Throwing
 10945 | Lair:2   | Reached skill level 15 in Axes
 10995 | Lair:2   | Identified the +5 fire dragon scales of the Shrinking Gods
                  | {rF++ rC- Slay+5} (Okawaru gifted it to you on level 2 of
                  | the Lair of Beasts)
 10995 | Lair:2   | Received a gift from Okawaru
 11048 | Lair:2   | Found a hole to the Spider Nest.
 11683 | Lair:2   | Noticed a dire elephant
 11709 | Lair:2   | Killed a dire elephant
 12079 | Lair:3   | Found a transporter.
 12125 | Lair:3   | Noticed a four-headed hydra
 12133 | Lair:3   | Killed a one-headed hydra
 12313 | Lair:3   | Noticed Fannar
 12323 | Lair:3   | Killed Fannar
 12330 | Lair:3   | Noticed a catoblepas
 12345 | Lair:3   | Killed a catoblepas
 12346 | Lair:3   | Reached XP level 13. HP: 111/117 MP: 15/15
 12482 | Lair:3   | Found a transporter.
 12527 | Lair:3   | Found a staircase to the Shoals.
 12815 | Lair:3   | Identified the +0 long sword of Shrieking Terror {freeze,
                  | Str+5 SInv}
 12991 | Lair:4   | Identified the +4 chain mail of Pantheism {rPois Int+3}
                  | (Okawaru gifted it to you on level 4 of the Lair of Beasts)
 12991 | Lair:4   | Received a gift from Okawaru
 13061 | Lair:4   | Found a frozen archway.
 13082 | IceCv    | Entered an ice cave
 13371 | IceCv    | Reached skill level 5 in Throwing
 13403 | IceCv    | Noticed a reaper
 13437 | IceCv    | Killed a reaper
 13652 | IceCv    | Identified the ring "Xuxteaqi" {Fire *Corrode rElec Dex+4
                  | Slay+4}
 14671 | Lair:5   | Entered Level 5 of the Lair of Beasts
 14724 | Lair:5   | Found a staircase to the Slime Pits.
 14905 | Lair:5   | Noticed Rupert
 14920 | Lair:5   | Killed Rupert
 15117 | Lair:5   | Noticed Kirke
 15130 | Lair:5   | Killed Kirke
 15290 | Lair:5   | Reached XP level 14. HP: 129/129 MP: 17/17
 15312 | Lair:5   | Received a gift from Okawaru
 15532 | Lair:5   | Reached ****** piety under Okawaru
 16990 | D:12     | Received a gift from Okawaru
 16996 | D:12     | You fall into a shaft and drop 1 floor!
 17755 | D:13     | Received a gift from Okawaru
 17807 | D:13     | Noticed Frances
 17817 | D:13     | Killed Frances
 17990 | D:13     | Noticed Sonja
 18000 | D:13     | Killed Sonja
 18476 | D:13     | Found a gate to the Vaults.
 18621 | D:14     | Found Plog's Serpentskin Sales.
 18631 | D:14     | Noticed Snorg
 18644 | D:14     | Killed Snorg
 18716 | D:14     | Found a sacrificial altar of Ru.
 18752 | D:14     | Identified the +6 broad axe of the Fool {freeze, Int+6}
                  | (Okawaru gifted it to you on level 14 of the Dungeon)
 18752 | D:14     | Received a gift from Okawaru
 18855 | D:14     | Identified Roxanne's Incunable of Flesh
 18855 | D:14     | Noticed Roxanne
 18942 | D:14     | Reached XP level 15. HP: 139/139 MP: 20/20
 19132 | D:14     | Killed Roxanne
 19485 | D:15     | Entered Level 15 of the Dungeon
 19764 | D:15     | Identified the +0 kite shield "Diacy" {Harm MP+9 Stlth-}
                  | (Okawaru gifted it to you on level 15 of the Dungeon)
 19764 | D:15     | Received a gift from Okawaru
 19765 | D:15     | Found a staircase to the Depths.
 19769 | D:15     | Reached skill level 15 in Fighting
 19769 | D:15     | Reached skill level 15 in Armour
 19769 | D:15     | Reached skill level 15 in Shields
 20561 | Orc:1    | Entered Level 1 of the Orcish Mines
 20949 | Orc:2    | Entered Level 2 of the Orcish Mines
 21064 | Orc:2    | Found a transporter.
 21068 | Orc:2    | Noticed Taurus's ghost (adept MiFi)
 21091 | Orc:2    | Found Utrozaq's Armour Shop.
 21102 | Orc:2    | Found Oddialash's Book Emporium.
 21118 | Orc:2    | Received a gift from Okawaru
 21178 | Orc:2    | Found Beumuun's Distillery.
 21179 | Orc:2    | Found Voloc's Book Boutique.
 21197 | Orc:2    | Found Zosoid's Magic Scroll Shoppe.
 21208 | Orc:2    | Found a staircase to the Elven Halls.
 21326 | Orc:2    | Found a transporter.
 21642 | Orc:2    | Bought a scroll of teleportation for 42 gold pieces
 21642 | Orc:2    | Bought a scroll of teleportation for 42 gold pieces
 21651 | Orc:2    | Bought a potion of curing for 51 gold pieces
 21651 | Orc:2    | Bought a potion of curing for 51 gold pieces
 21651 | Orc:2    | Bought a potion of curing for 51 gold pieces
 21805 | D:14     | Bought a ring of poison resistance for 200 gold pieces
 21986 | Spider:1 | Entered Level 1 of the Spider Nest
 22287 | Spider:1 | Acquired the ring "Quismai" {Fly rElec Int+6}
 22498 | Spider:1 | Noticed an emperor scorpion
 22516 | Spider:1 | Killed an emperor scorpion
 22516 | Spider:1 | Received a gift from Okawaru
 22642 | Spider:1 | Reached XP level 16. HP: 141/151 MP: 18/21
 22842 | Spider:2 | Gained mutation: Your spells are a little easier to cast,
                  | but a little less powerful. [mutagenic glow]
 23348 | Spider:2 | Noticed Arachne
 23357 | Spider:2 | Killed Arachne
 23437 | Spider:2 | Received a gift from Okawaru
 23719 | Spider:2 | Identified the +0 cloak of Tirebypp {rF- rCorr MP+9 Int+3}
                  | (Okawaru gifted it to you on level 2 of the Spider Nest)
 23719 | Spider:2 | Received a gift from Okawaru
 24154 | Spider:2 | Got the Handbook of Spooky Action
 24451 | Spider:2 | Identified the +3 leather armour of Midwinter {Str+5}
 25552 | Spider:3 | Identified the +3 long sword "Hisausuh" {flame, Dex+4}
 25893 | Spider:4 | Entered Level 4 of the Spider Nest
 26109 | Spider:4 | Noticed Louise
 26129 | Spider:4 | Killed Louise
 26184 | Spider:4 | Received a gift from Okawaru
 26467 | Spider:4 | Reached XP level 17. HP: 117/161 MP: 20/23
 26474 | Spider:4 | Reached skill level 10 in Invocations
 26748 | Spider:4 | Noticed Bai Suzhen
 26985 | Spider:4 | Killed Bai Suzhen
 27104 | Spider:4 | Identified the +2 hat of the Seven Servitors {Dex+4}
 27108 | Spider:4 | Got a gossamer rune of Zot
 27600 | Shoals:1 | Entered Level 1 of the Shoals
 28032 | Shoals:1 | Received a gift from Okawaru
 28070 | Shoals:1 | Noticed Mlioglotl
 28093 | Shoals:1 | Killed Mlioglotl
 28387 | Shoals:1 | Found Bocuoq's Magic Scroll Boutique.
 28391 | Shoals:1 | Bought a scroll of teleportation for 30 gold pieces
 28391 | Shoals:1 | Bought a scroll of teleportation for 30 gold pieces
 28391 | Shoals:1 | Bought a scroll of teleportation for 30 gold pieces
 28578 | Shoals:2 | Received a gift from Okawaru
 28711 | Shoals:2 | Identified the +5 falchion "Tuckel" {flame, Int+5 Stlth-}
 29042 | Shoals:2 | Identified the +4 arbalest of Summer {heavy, *Slow rPois
                  | rCorr}
 29630 | Shoals:3 | Found Gaihulis's Armour Emporium.
 29635 | Shoals:3 | Found a flickering gateway to a bazaar.
 29648 | Shoals:3 | Identified the +2 plate armour "Gappeul" {Int+4 Stlth+}
                  | (Okawaru gifted it to you on level 3 of the Shoals)
 29648 | Shoals:3 | Received a gift from Okawaru
 29698 | Bazaar   | Entered a bazaar
 29734 | Bazaar   | Found Otuis's Armour Emporium.
 29742 | Bazaar   | Found Xyturov's Weapon Shop.
 29785 | Bazaar   | Found Zewn's Magic Scroll Shoppe.
 29793 | Bazaar   | Bought a scroll of teleportation for 33 gold pieces
 29793 | Bazaar   | Bought a scroll of blinking for 82 gold pieces
 29793 | Bazaar   | Found Ynkiol's Jewellery Boutique.
 29801 | Bazaar   | Bought a +5 ring of evasion for 396 gold pieces
 30003 | Shoals:3 | Noticed a kraken
 30014 | Shoals:3 | Killed a kraken
 30107 | Shoals:3 | Noticed a kraken
 30120 | Shoals:3 | Noticed xzight's ghost (adept MiBe)
 30125 | Shoals:3 | Found a transporter.
 30125 | Shoals:3 | Noticed Ilsuiw
 30149 | Shoals:3 | Killed Ilsuiw
 30159 | Shoals:3 | Found a transporter.
 30169 | Shoals:3 | Noticed Polyphemus
 30198 | Shoals:3 | Killed Polyphemus
 30352 | Shoals:3 | Found Lelora Uvonk's Weapon Boutique.
 30377 | Shoals:3 | Identified the +1 leather armour "Qepsyime" {Will- Int+3}
 30686 | Shoals:4 | Entered Level 4 of the Shoals
 31047 | Shoals:4 | Identified the ring "Pawoiq Wianu" {Int+7 Dex+6}
 31154 | Shoals:4 | Succumbed to a sea snake's poison

Illustrated notes

Levels and vault maps discovered:
D:1:      onia_arrival_mini_maze_b, layout_basic, basic_ecumenical_altar
D:2:      layout_basic
D:3:      minmay_bubble_buster, layout_basic, chequers_serial_rivers_room_b,
          minmay_fractal_squares_gapless_5, uniq_terence
D:4:      layout_basic, minmay_temple_entry_antechambers
D:5:      layout_basic, dilly_guarded_unrand_morg
D:6:      minmay_general_purpose_star, layout_rooms, st_stairs_5,
          grunt_ministairs_3, kennysheep_nub, corexii_leaking_fountain,
          uniq_menkaure
D:7:      layout_basic, mainiacjoe_overflow_catwalk, glass_columns_a
D:8:      layout_layer_cave, lair_entry_dummy, uniq_maggie
D:9:      gammafunk_jiyva_shrine, layout_long_grid, enter_bailey_2,
          minmay_misc_feat_enclosed, wad_scary_box
D:10:     layout_rooms, david_orc_3, nicolae_lava_and_water
D:11:     layout_loops_cross, grunt_decor_junction, minmay_misc_feat_roman
D:12:     layout_loops_ring
D:13:     layout_basic, ximxim_vaults_locker_room, uniq_sonja, uniq_frances
D:14:     layout_roguey, nicolae_ru_awakened_eye, guppyfry_shop_venom,
          uniq_roxanne, uniq_snorg
D:15:     hangedman_depths_entry_civil_slaughter, layout_loops_ring,
          hangedman_decor_slide_cut, minmay_microvault
Temple:   grunt_wide_crystal_templ
Lair:1:   layout_concentric_octagons, gammafunk_ghost_icy, special_room
          [special_room_bee], infiniplex_staircase_pool
Lair:2:   layout_hall_layers, nicolae_spider_entry_non_spiders,
          nicolae_quartered_pool_little, nicolae_lair_lakeside_cave
Lair:3:   gammafunk_cloud_chamber, layout_small_grid, elwin_shoals_entry_rooms,
          uniq_fannar
Lair:4:   layout_loops_ring, portal_ice_cave_entry_imps,
          chequers_serial_rivers_room_a, dreamdust_mushroom_princess
Lair:5:   minmay_lair_end_enchanted_forest, layout_regular_city,
          minmay_slime_entry_pillars, chequers_serial_rivers_micro_b,
          infiniplex_staircase_pool_2, grunt_megastairs_4, uniq_kirke,
          uniq_rupert
Shoals:1: layout_shoals, serial_shops, nicolae_shop_back_alley_shop,
          uniq_mlioglotl
Shoals:2: layout_shoals
Shoals:3: layout_shoals, ebering_ghost_davey_jones, serial_shops,
          bzr_in_the_mist, shop, shop, nicolae_shoals_lost_giant_pillars,
          nicolae_shoals_kraken_intersection, uniq_ilsuiw, uniq_polyphemus
Shoals:4: shoals_end_simple, layout_shoals
Spider:1: layout_spider_delve
Spider:2: layout_chambers, nicolae_spider_swamp_cousins, uniq_arachne
Spider:3: layout_chambers
Spider:4: grunt_spider_rune_parallel, nicolae_spider_baby_got_redback,
          uniq_louise, uniq_bai_suzhen
Orc:1:    layout_diamond_mine
Orc:2:    st_orc_open, layout_diamond_mine, basic_altar, serial_shops, shop,
          gammafunk_ghost_stat_death

Skill      XL: |  1  2  3  4  5  6  7  8  9 10 11 12 13 14 15 16 17 |
---------------+----------------------------------------------------+-----
Axes           | 3 4 5 6 7 9 11 12 14 16 17 18 | 18.0
Fighting       | 4 5 6 7 8 9 10 11 13 14 16 17 18 | 18.3
Armour         | 4 5 6 7 8 9 10 11 13 14 16 17 18 | 18.4
Shields        | 4 5 6 7 8 9 10 11 13 14 16 17 18 | 18.3
Invocations    | 1 4 5 6 8 9 11 | 11.3
Throwing       | 4 5 7 9 |  9.5

Action                     |  1- 3 |  4- 6 |  7- 9 | 10-12 | 13-15 | 16-18 || total
---------------------------+-------+-------+-------+-------+-------+-------++-------
  Melee: War axe           |    88 |   117 |   261 |   173 |       |       ||   639
         Headbutt          |     6 |    22 |    54 |   112 |   246 |   274 ||   714
         Broad axe         |       |       |       |   330 |   964 |   966 ||  2260
         Hand axe          |       |       |       |    21 |    24 |     5 ||    50
  Throw: Dart              |       |     4 |     3 |    20 |    52 |       ||    79
         Javelin           |       |       |       |       |    12 |    49 ||    61
 Invoke: Heroism           |       |       |       |     7 |    18 |    15 ||    40
    Use: Scroll            |       |     9 |     4 |    12 |     6 |     6 ||    37
         Potion            |       |       |       |       |       |     2 ||     2
   Stab: Invisible         |       |       |       |       |     1 |       ||     1
         Petrifying        |       |       |       |       |       |     1 ||     1
 Armour: Scale mail        |    29 |     5 |       |       |       |       ||    34
         Ring mail         |       |    30 |       |       |    24 |       ||    54
         Chain mail        |       |    17 |   129 |   261 |   336 |   482 ||  1225
  Dodge: Dodged            |    33 |    29 |    86 |   190 |   217 |   224 ||   779
  Block: Buckler           |    15 |    26 |    71 |   173 |   336 |       ||   621
         Reflection        |       |       |       |       |    32 |    60 ||    92
         Kite shield       |       |       |       |       |   338 |   549 ||   887
         Tower shield      |       |       |       |       |       |   459 ||   459
